 Dungeon Crawl Stone Soup version 0.31.0-11-ge490571c62 (webtiles) character file.

Game seed: 11511340173479767881

242 Gadfly the Ducker (level 5, -2/38 HPs)
             Began as a Demonspawn Shapeshifter on Jan 27, 2024.
             Slain by a scorpion (6 damage)
             ... on level 4 of the Dungeon.
             The game lasted 00:03:52 (2788 turns).

Gadfly the Ducker (Demonspawn Shapeshifter)         Turns: 2788, Time: 00:03:53

Health: -2/38      AC:  2    Str: 17    XL:     5   Next: 81%
Magic:  5/5        EV: 12    Int:  6    God:
Gold:   127        SH:  0    Dex: 12    Spells: 2/4 levels left

rFire   . .          .
                       - Unarmed
rCold   . . .        (no shield)
rNeg    + + .        j - +0 robe "Qeite" {rN++ Int-4}
rPois   .            (helmet currently unavailable)
rElec   .            e - melded +2 cloak
rCorr   .            (gloves currently unavailable)
SInv    +            r - melded +1 pair of boots
Will    .....        (no amulet)
Stlth   +            f - ring of see invisible
HPRegen 0.26/turn    (no ring)
MPRegen 0.09/turn

%: no passive effects
@: lethally poisoned (-2 -> -4), beast-form
A: beast (slay +1), horns 1, powered by death 1
a: Begin Untransformation


You were on level 4 of the Dungeon.
You were a hulking beast.
You visited 1 branch of the dungeon, and saw 4 of its levels.

You collected 127 gold pieces.

Inventory:

Hand Weapons
 b - a +1 dagger of electrocution
Missiles
 q - 2 throwing nets (quivered)
Armour
 e - a +2 cloak (melded)
 j - the +0 robe "Qeite" (worn) {rN++ Int-4}
   (You found it on level 2 of the Dungeon)

   Int-4:     It affects your intelligence (-4).
   rN++:      It greatly protects you from negative energy.
 r - a +1 pair of boots (melded)
Jewellery
 f - a ring of see invisible (left hand)
Talismans
 c - a beast talisman (active)
 d - a flux talisman
Scrolls
 k - a scroll of poison {unknown}
 m - a scroll of blinking {unknown}
 p - a scroll of teleportation
Potions
 a - a potion of ambrosia
 g - a potion of cancellation
 h - a potion of enlightenment {unknown}
 i - a potion of might
 l - a potion of resistance {unknown}
 n - 2 potions of lignification
 s - a potion of mutation {unknown}


   Skills:
 + Level 2.2 Fighting
 * Level 3.3 Dodging
 + Level 3.3 Unarmed Combat
 * Level 2.9 Evocations
 + Level 3.2 Shapeshifting


You had 2 spell levels left.
You knew the following spells:

 Your Spells              Type           Power      Damage    Failure   Level
a - Blink                 Tloc           0%         N/A       58%         2

Your spell library contained the following spells:

 Spells                   Type           Power      Damage    Failure   Level
 Magic Dart               Conj           0%         1d3       45%         1
 Call Imp                 Summ           0%         N/A       58%         2


Dungeon Overview and Level Annotations

Branches:
Dungeon (4/15)             Temple (0/1) D:4

Altars:
Ashenzari
Makhleb
Uskayaw


Innate Abilities, Weirdness & Mutations

You are a hulking beast.
Your limbs bulge with bestial killing power. (Slay +1)
You have a pair of small horns on your head.
You regenerate a little health from kills.


Message History

The scorpion poisons you!
You hit the scorpion.
The scorpion is moderately wounded.
You feel very sick. The scorpion misses you.
You barely miss the scorpion.
The scorpion is moderately wounded.
You feel sick. The scorpion barely misses you.
You hit the scorpion but do no damage. Your punch misses the scorpion.
The scorpion is moderately wounded.
You feel sick. The scorpion stings you.
You are too injured to fight recklessly!
You are too injured to fight recklessly!
You are too injured to fight recklessly!
You are too injured to fight recklessly!
You are too injured to fight recklessly!
You are too injured to fight recklessly!
You are too injured to fight recklessly!
You are too injured to fight recklessly!
You are too injured to fight recklessly!
You are too injured to fight recklessly!
You are too injured to fight recklessly!
You are too injured to fight recklessly!
You are too injured to fight recklessly!
You are too injured to fight recklessly!
You are too injured to fight recklessly!
Unknown command.
You hit the scorpion but do no damage. Your punch misses the scorpion.
The scorpion is moderately wounded.
You feel sick. The scorpion stings you.
* * * LOW HITPOINT WARNING * * *
The scorpion stings you.
* * * LOW HITPOINT WARNING * * *
You hit the scorpion.
The scorpion is severely wounded.
You feel sick. The scorpion barely misses you.
You barely miss the scorpion. You headbutt the scorpion.
The scorpion is severely wounded.
You feel sick. The scorpion stings you.
You die...

...#####.# #........#
###....### ##...# ###...####
#........# #### #........#
##### ....#
##........####...#.....#
....###........⌠hs..>$..
....#####....#...#.....#
.............##### ....#####
....#####........#######....
....# #........#........#
....# #.....!..#........#
....# #......#..........#
....# #......##........#
##### #......###.......#


You could see a scorpion.

Vanquished Creatures
  A kobold brigand (D:3)
  A bombardier beetle (D:4)
  An orc wizard (D:3)
  3 adders
  3 dart slugs
  9 orcs (D:3)
  4 bats
  3 endoplasms
  A giant cockroach (D:1)
  7 goblins
  4 hobgoblins
  4 jackals (D:1)
  5 quokkas
  4 ball pythons
  2 frilled lizards
  8 kobolds
  5 rats
65 creatures vanquished.

Notes
Turn   | Place    | Note
-------+----------+-------------------------------------------
     0 | D:1      | Gadfly the Demonspawn Shapeshifter began the quest for the
                  | Orb.
     0 | D:1      | Reached XP level 1. HP: 15/15 MP: 1/1
   105 | D:1      | Gained mutation: You regenerate a little health from kills.
                  | [demonic ancestry]
   105 | D:1      | Reached XP level 2. HP: 9/21 MP: 2/2
   185 | D:1      | Reached skill level 1 in Evocations
   697 | D:2      | Reached XP level 3. HP: 18/26 MP: 3/3
   705 | D:2      | HP: 1/26 [poisoned by an adder]
   905 | D:2      | Identified the +0 robe "Qeite" {rN++ Int-4}
  1813 | D:3      | Found a hide-covered altar of Uskayaw.
  1817 | D:3      | Reached XP level 4. HP: 19/32 MP: 4/4
  1876 | D:3      | Noticed a kobold brigand
  1889 | D:3      | Killed a kobold brigand
  1890 | D:3      | Discovered your monstrous ancestry.
  1890 | D:3      | Gained mutation: You have a pair of small horns on your
                  | head. [demonic ancestry]
  1890 | D:3      | Reached XP level 5. HP: 23/38 MP: 5/5
  2128 | D:3      | Learned a level 2 spell: Blink
  2418 | D:3      | Found a burning altar of Makhleb.
  2420 | D:3      | Noticed a balrug
  2424 | D:3      | Noticed a ynoxinul
  2424 | D:3      | Noticed a ynoxinul
  2500 | D:4      | Found a broken altar of Ashenzari.
  2776 | D:4      | Found a staircase to the Ecumenical Temple.
  2788 | D:4      | Slain by a scorpion

Illustrated notes

Levels and vault maps discovered:
D:1:      zelgadis_glass_arrival_large, layout_rooms,
          dreamdust_mushroom_princess
D:2:      layout_loops_ring, chequers_serial_rivers_micro_a, kennysheep_nub,
          kennysheep_big_empty_room, nicolae_figureground_sparkle
D:3:      layout_loops_ring, makhleb_altar_promises_db,
          nicolae_uskayaw_murder_on_the_dancefloor, nrook_mini_backslash
D:4:      layout_basic, evilmike_ruin_ashenzari,
          minmay_temple_entry_antechambers

Skill      XL: |  1  2  3  4  5 |
---------------+----------------+-----
Dodging        | 2 3 |  3.3
Evocations     | 1 2 |  2.9
Unarmed Combat | 3 |  3.3
Shapeshifting  | 3 |  3.2
Fighting       | 2 |  2.2

Action                     |  1- 3 |  4- 6 || total
---------------------------+-------+-------++-------
  Melee: Unarmed           |   158 |    47 ||   205
         Punch             |       |     1 ||     1
         Dagger            |       |    10 ||    10
         Headbutt          |       |     7 ||     7
Ability: Begin Untransform |     1 |     1 ||     2
    Use: Scroll            |     4 |     4 ||     8
         Potion            |     2 |     2 ||     4
 Armour: Animal skin       |    50 |       ||    50
         Robe              |    41 |    30 ||    71
  Dodge: Dodged            |   114 |    20 ||   134
   Form: Beast             |     1 |     1 ||     2
